 Dungeon Crawl Stone Soup version 0.27.1-37-g7b29ead8ac (console) character file.

Game seed: 15343596950166939807

19 grimtooth the Chopper (level 2, -3/25 HPs)
             Began as a Palentonga Abyssal Knight on May 8, 2023.
             Was a Follower of Lugonu.
             Slain by a gnoll (6 damage)
             ... on level 1 of the Dungeon.
             The game lasted 00:02:26 (728 turns).

grimtooth the Chopper (Palentonga Abyssal Knight)    Turns: 728, Time: 00:02:27

Health: -3/25      AC:  4    Str: 15    XL:     2   Next: 55%
Magic:  3/3        EV:  9    Int: 12    God:    Lugonu [*.....]
Gold:   29         SH:  0    Dex:  9    Spells: 1/1 levels left

rFire    . . .     SeeInvis +   a - +1 hand axe
rCold    . . .     Faith    .   (no shield)
rNeg     . . .     Spirit   .   b - +0 leather armour
rPois    .         Reflect  .   (no helmet)
rElec    .         Harm     .   (no cloak)
rCorr    .         Rampage  .   (no gloves)
Will     .....                  (no barding)
Stlth    +.........             (no amulet)
HPRegen  0.08/turn              (no ring)
MPRegen  0.08/turn              (no ring)

@: lethally poisoned (-3 -> -18)
A: large, rugged brown scales 3, see invisible, deformed body, roll 1, armoured
tail
a: Rolling Charge, Renounce Religion, Depart the Abyss


You were on level 1 of the Dungeon.
You worshipped Lugonu.
Lugonu was aware of your devotion.
You visited 1 branch of the dungeon, and saw 1 of its levels.
You visited the Abyss 1 time.

You collected 29 gold pieces.

Inventory:

Hand Weapons
 a - a +1 hand axe (weapon)
Missiles
 e - 50 stones (quivered)
Armour
 b - a +0 leather armour (worn)
Scrolls
 c - 2 scrolls of enchant weapon {unknown}
 d - a scroll of brand weapon {unknown}
 f - a scroll of noise {unknown}


   Skills:
 - Level 3.0 Fighting
 + Level 3.2 Axes
 - Level 1.5 Armour
 - Level 0.7 Dodging
 - Level 2.0 Invocations


You had one spell level left.
You didn't know any spells.
Your spell library was empty.

Dungeon Overview and Level Annotations

Branches:
Dungeon (1/15)

Altars:


Innate Abilities, Weirdness & Mutations

You are completely covered in rugged brown scales. (AC +3, +7% HP)
You have supernaturally acute eyesight. (SInv)
Armour fits poorly on your strangely shaped body.
You can roll at nearby foes to attack.
You have a long armoured tail.


Message History

Throw: 49 stones
Press: ? - help, Q - select action, (/) - cycle Shift-Dir - straight line, f/p - frilled lizard
Aim: a frilled lizard (32% to hit)
You throw a stone.
The stone hits the frilled lizard but does no damage.
Roll where?
Press: ? - help, Dir - move target, f/p - frilled lizard
Aim: a frilled lizard You roll forward with a clatter of scales!
You miss the frilled lizard. The frilled lizard barely misses you.
Unknown command.
You miss the frilled lizard.
Your tail-slap misses the frilled lizard.
The frilled lizard barely misses you.
You closely miss the frilled lizard.
The frilled lizard bites you but does no damage.
You slash the frilled lizard!
You kill the frilled lizard!
Lugonu accepts your kill.
You see here a frilled lizard corpse.
e - 49 stones (gained 1)
e - 50 stones (gained 1)
The gnoll shouts!
There is an open door here.
You hit the gnoll.
The gnoll is lightly wounded.
The gnoll hits you with a +4 whip of venom!
You are poisoned.
You slash the gnoll!
The gnoll is severely wounded.
You feel very sick.
The gnoll hits you with a +4 whip of venom.
* * * LOW HITPOINT WARNING * * *
You are more poisoned.
You barely miss the gnoll.
The gnoll is severely wounded.
* * * LOW HITPOINT WARNING * * *
You feel very sick.
The gnoll hits you with a +4 whip of venom.
You die...

#.# #.####.##.# #.# ###
##.#.# #.# #.#.# #.##
#.#.# ##.# ##.#†# #.##
#.##.# #. ##.### ##.#.##
#.# ##..###.##.#
#.######...##.##+######.
#......######.#........g
#......# ##.#@g........ #
#......####.###......... #
#......#...## #........#
###......'#######.........
..#.....†...............#.
#.#.################......
#...# ...#.# ##### (... .
....#


You could see a gnoll.

Vanquished Creatures
  5 endoplasms (D:1)
  A giant cockroach (D:1)
  A hobgoblin (D:1)
  2 kobolds (D:1)
  A quokka (D:1)
  A ball python (D:1)
  3 frilled lizards (D:1)
  A goblin (D:1)
  4 rats (D:1)
19 creatures vanquished.

Vanquished Creatures (others)
  2 plants (D:1)
2 creatures vanquished.

Grand Total: 21 creatures vanquished

Notes
Turn   | Place    | Note
-------+----------+-------------------------------------------
     0 | Abyss:1  | grimtooth the Palentonga Abyssal Knight began the quest for
                  | the Orb.
     0 | Abyss:1  | Reached XP level 1. HP: 19/19 MP: 2/2
    62 | D:1      | Escaped the Abyss
   376 | D:1      | Reached XP level 2. HP: 23/25 MP: 3/3
   582 | D:1      | Found a faded altar of an unknown god.
   728 | D:1      | Slain by a gnoll

Illustrated notes

Levels and vault maps discovered:
D:1:      dpeg_arrival_solitude, layout_basic, chequers_ecumenical_altar_lobes,
          grunt_decor_cap, dk_noncrumbling_4, hex_large, minmay_misc_feat_doors,
          minmay_misc_feat_plants, minmay_liquid_box, minmay_cupped

Skill      XL: |  1  2 |
---------------+-------+-----
Axes           | 3 |  3.2
Fighting       | |  3.0
Armour         | |  1.5
Dodging        | |  0.7
Invocations    | |  2.0

Action                   || total
-------------------------++-------
Melee: Hand axe          ||    52
       Tailslap          ||     6
Throw: Stone             ||     4
 Abil: Rolling Charge    ||    12
Armor: Leather armour    ||     9
Dodge: Dodged            ||    19
